 Dungeon Crawl Stone Soup version 0.29.1-15-g9cfb28693d (webtiles) character file.

Game seed: 3601315431061436769

120191 Smoke131 the Warrior (level 16, -7/149 HPs)
             Began as a Ghoul Fighter on Mar 1, 2023.
             Was an Elder of Okawaru.
             Killed from afar by a deep elf knight (18 damage)
             ... with a lance of force
             ... on level 2 of the Orcish Mines on Mar 2, 2023.
             The game lasted 01:33:04 (41640 turns).

Smoke131 the Warrior (Ghoul Fighter)               Turns: 41640, Time: 01:33:04

Health: -7/149     AC: 26    Str: 35    XL:     16   Next: 81%
Magic:  22/22      EV:  8    Int:  3    God:    Okawaru [****..]
Gold:   1453       SH: 17    Dex: 11    Spells: 15/15 levels left

rFire   . . .      SeeInvis .     - Unarmed
rCold   + + +      Faith    .   P - +0 kite shield {rC+}
rNeg    + + +      Spirit   .   O - +1 plate armour "Mogg" {rCorr Str+2 Dex+3}
rPois   ∞          Reflect  +   g - +3 helmet "Gapudwa" {-Cast rC++ Str+5}
rElec   .          Harm     .   F - +0 cloak {rCorr}
rCorr   +          Rampage  .   (no gloves)
Will    +....      NoCast   +   A - +1 pair of boots
Stlth   ..........              R - amulet of reflection
HPRegen 0.00/turn               l - ring of protection from cold
MPRegen 0.18/turn               b - ring of resist corrosion

@: about to teleport, inhibited regen
A: claws 1, cold resistance 1, negative energy resistance 3, inhibited
regeneration, torment resistance 2, devour on kill
a: Renounce Religion, Heroism, Finesse


You were on level 2 of the Orcish Mines.
You worshipped Okawaru.
Okawaru was greatly pleased with you.
You visited 4 branches of the dungeon, and saw 23 of its levels.
You also visited: Ice Cave.

You collected 2291 gold pieces.
You spent 838 gold pieces at shops.

Inventory:

Hand Weapons
 y - the +7 spear "Luytay" {vorpal, rC+}
   (Okawaru gifted it to you on level 9 of the Dungeon)

   It inflicts extra damage upon your enemies.
   rC:        It protects you from cold.
Missiles
 j - 4 throwing nets (quivered)
Armour
 g - the +3 helmet "Gapudwa" (worn) {-Cast rC++ Str+5}
   (Okawaru gifted it to you on level 2 of the Orcish Mines)

   Str:       It affects your strength (+5).
   rC:        It greatly protects you from cold.
   -Cast:     It prevents spellcasting.
 o - +0 ice dragon scales
 A - a +1 pair of boots (worn)
 C - +0 swamp dragon scales
 F - a +0 cloak of preservation (worn)
 O - the +1 plate armour "Mogg" (worn) {rCorr Str+2 Dex+3}
   (Okawaru gifted it to you on level 13 of the Dungeon)

   Str:       It affects your strength (+2).
   Dex:       It affects your dexterity (+3).
   rCorr:     It protects you from acid and corrosion.
 P - a +0 kite shield of cold resistance (worn)
Jewellery
 b - a ring of resist corrosion (right claw)
 d - a ring of willpower
 l - a ring of protection from cold (left claw)
 D - a ring of magical power
 G - a ring of ice
 Q - a ring of willpower
 R - an amulet of reflection (around neck)
Wands
 k - a wand of polymorph (7)
 t - a wand of flame (36)
 v - a wand of digging (5)
 E - a wand of mindburst (4)
 N - a wand of acid (12)
Scrolls
 e - 4 scrolls of enchant armour
 h - 5 scrolls of amnesia
 n - 5 scrolls of magic mapping
 p - 14 scrolls of identify
 s - 2 scrolls of teleportation
 w - a scroll of enchant weapon
 z - 2 scrolls of poison
 B - a scroll of immolation
 I - 2 scrolls of brand weapon
Potions
 a - 2 potions of brilliance
 c - 3 potions of flight
 f - a potion of haste
 i - a potion of magic
 m - 2 potions of lignification
 q - 3 potions of curing
 r - 2 potions of ambrosia
 u - 3 potions of resistance
 x - a potion of might
 H - 3 potions of berserk rage
 J - a potion of mutation
 K - 4 potions of attraction
 L - a potion of cancellation


   Skills:
 - Level 15.0 Fighting
 + Level 14.3 Armour
 + Level 14.3 Shields
 - Level 15.0 Unarmed Combat
 - Level 10.0 Invocations


You had 15 spell levels left.
You didn't know any spells.
Your spell library contained the following spells:

 Spells                   Type           Power      Damage    Failure   Level
 Slow                     Hex            0%         N/A       99%         1
 Sting                    Tmut/Pois      0%         1d3       99%         1
 Poisonous Vapours        Pois/Air       0%         N/A       100%        2
 Static Discharge         Conj/Air       0%         3-3/arc   100%        2
 Confusing Touch          Hex            0%         N/A       100%        3
 Gell's Gravitas          Tloc           0%         N/A       100%        3
 Inner Flame              Hex/Fire       0%         N/A       100%        3
 Teleport Other           Tloc           0%         N/A       100%        3
 Vampiric Draining        Necr           0%         2d6       100%        3
 Cause Fear               Hex            0%         N/A       100%        4
 Leda's Liquefaction      Hex/Erth       0%         N/A       100%        4
 Olgreb's Toxic Radiance  Pois           0%         N/A       100%        4
 Lee's Rapid Deconstruct  Erth           0%         3d5*      100%        5
 Lightning Bolt           Conj/Air       0%         1d11      100%        5
 Dispersal                Tloc           0%         N/A       100%        6
 Discord                  Hex            0%         N/A       100%        8
 Maxwell's Capacitive Co  Air            0%         ∞         100%        8
 Statue Form              Tmut/Erth      Unusable   N/A       N/A         6

Dungeon Overview and Level Annotations

Branches:
Dungeon (15/15)            Temple (0/1) D:6            Lair (5/5) D:9
  Swamp (0/4) Lair:3       Spider (0/4) Lair:2        Slime (0/5) Lair:4
    Orc (2/2) D:11            Elf (1/3) Orc:2        Vaults (0/5) D:14
 Depths (0/4) D:15          IceCv (visited)

Altars:
Cheibriados
Dithmenos
Fedhas
Gozag
Hepliaklqana
Makhleb
Nemelex Xobeh
Okawaru
Ru
Trog
Uskayaw
Vehumet
Wu Jian
Xom
Yredelemnul

Shops:
D:1 *   D:10 *   D:11 ([   Orc:2 [:!!(

Portals:
Pandemonium: Orc:2

Annotations:
Lair:4 3 runed translucent doors, Xafas's ghost, journeyman DrCj


Innate Abilities, Weirdness & Mutations

You are immune to poison.
You have sharp fingernails.
Your flesh is cold resistant. (rC+)
You are immune to negative energy. (rN+++)
You do not regenerate when monsters are visible.
You are immune to unholy pain and torment.
You thrive by killing the living.


Message History

You claw something! Something hits you!
The deep elf zephyrmancer mumbles some strange words.
The deep elf zephyrmancer blinks!
You scratch something. Something hits you but does no damage.
You closely miss something.
The deep elf zephyrmancer casts a spell at you.
The bolt of lightning hits you!! Something hits you but does no damage.
You mangle something!! You block something's attack.
You barely miss something.
You hear some strange, mumbled words.
A lance of force appears from out of thin air!
The lance of force hits you but does no damage.
You barely miss the deep elf zephyrmancer.
The deep elf zephyrmancer is heavily wounded.
The deep elf zephyrmancer gestures at you while chanting.
The bolt of lightning hits you!!
* * * LOW HITPOINT WARNING * * *
You barely miss the deep elf zephyrmancer.
The deep elf zephyrmancer is heavily wounded.
Something hits you but does no damage.
You closely miss the deep elf zephyrmancer.
The deep elf zephyrmancer is heavily wounded.
The deep elf zephyrmancer mumbles some strange words.
The deep elf zephyrmancer blinks!
You block something's attack.
You feel much better.
You hear some strange, mumbled words.
You miss something. You block something's attack.
You closely miss something. You block something's attack.
You closely miss something. Something hits you but does no damage.
The deep elf zephyrmancer points at you and mumbles some strange words.
The bolt of lightning hits you!!!
* * * LOW HITPOINT WARNING * * *
Something hits you.
* * * LOW HITPOINT WARNING * * *
As you read the scroll of teleportation, it crumbles to dust.
You feel strangely unstable.
You hear some strange, mumbled words.
A lance of force appears from out of thin air!
The lance of force hits you!!
You die...

# ### # ##.## ##### # ##...##
##...## ## #.....## #.....## .##
###......## ###.....# ..####
##.........## ##.......##
.....###.....[)....####.........#
.....##.......>{@...#.#..........
.....##............##...........#
............##......#......<.....
#............#......#............
.............#....e....[)..###...
#...........###.........######[[.
...........######......)...#.##.[
..............#......[.......#.).
.....).................[.........


You could see a deep elf zephyrmancer.

Vanquished Creatures
  Kirke (D:12)
  Agnes (D:15)
  A balrug (Orc:1)
  Nessos (D:12)
  An ettin (D:15)
  A fire dragon (D:14)
  Fannar (D:10)
  Harold (Lair:1)
  A demonspawn (Orc:2)
  4 boulder beetles
  8 hydras
  5 two-headed ogres
  2 centaur warriors (D:15)
  An ogre mage (D:15)
  A catoblepas (D:15)
  15 death yaks
  5 tengu warriors
  A death knight (D:12)
  3 orc high priests (Orc:2)
  Sonja (Lair:1)
  A hell knight (D:15)
  A shadow wraith (D:14)
  2 deep elf knights (Orc:2)
  A skeletal warrior (D:12)
  A sun demon (Orc:1)
  A sixfirhy (Orc:1)
  A deep troll (D:15)
  6 bog bodies
  A wizard (D:15)
  A phantasmal warrior (D:12)
  9 orc knights
  A necromancer (D:15)
  A deep elf zephyrmancer (Orc:2)
  3 deep elf pyromancers
  12 orc sorcerers
  2 manticores
  19 ugly things
  6 cyclopes
  Joseph (D:9)
  A rust devil (Orc:2)
  3 elephants (D:9)
  An ice statue (IceCv)
  4 black mambas
  A torpor snail (Lair:5)
  A cane toad (shapeshifter) (D:14)
  A gargoyle (D:11)
  Maggie (D:10)
  5 yaktaurs (D:15)
  An unseen horror (D:10)
  4 efreet
  11 cane toads
  5 rime drakes
  11 komodo dragons
  2 anaconda simulacra (IceCv)
  An ice devil (IceCv)
  3 trolls
  A red devil (Orc:1)
  12 slime creatures
  5 polar bears
  5 hornets
  A tarantella (shapeshifter) (D:14)
  5 dream sheep
  13 blink frogs
  Sigmund (D:5)
  2 shadows
  A centaur simulacrum (D:15)
  2 basilisks
  12 spriggans (Lair:5)
  3 hogs (D:12)
  3 wraiths
  A dire elephant simulacrum (IceCv)
  2 chaos spawn (Orc:2)
  67 yaks
  5 wyverns
  2 steam dragons
  A death yak simulacrum (IceCv)
  14 vampire mosquitoes
  Grum (D:11)
  Edmund (D:4)
  4 wargs
  A swamp worm (Lair:3)
  An acid dragon (D:10)
  A hydra simulacrum (IceCv)
  12 water moccasins
  8 black bears
  32 orc warriors
  2 sky beasts
  Duvessa (D:7)
  2 ice beasts
  10 ogres
  4 boggarts (Lair:5)
  8 centaurs
  37 wolves
  2 phantoms
  A kobold brigand (D:9)
  12 bullfrogs
  2 scorpions
  Blork the orc (D:5)
  9 necrophages
  3 gnoll sergeants
  2 cane toad simulacra (IceCv)
  A water moccasin zombie (D:5)
  Dowan (D:7)
  10 killer bees (D:9)
  2 elephant simulacra (IceCv)
  2 electric eels
  7 howler monkeys
  4 hounds
  Crazy Yiuf (D:6)
  32 orc priests
  A gnoll bouda (D:10)
  3 jellies
  5 iguanas
  26 orc wizards
  2 polar bear simulacra (IceCv)
  A scorpion zombie (D:5)
  8 spriggan simulacra (IceCv)
  6 troll simulacra (IceCv)
  2 wolf simulacra (IceCv)
  21 gnolls
  11 adders
  4 naga simulacra (IceCv)
  11 white imps
  9 ufetubi
  5 worms
  A dart slug (D:2)
  67 orcs
  7 endoplasms
  5 giant cockroaches
  8 goblins
  5 hobgoblins
  10 jackals
  3 quokkas
  8 ball pythons
  3 bats
  3 frilled lizards
  12 kobolds
  3 rats
806 creatures vanquished.

Vanquished Creatures (others)
  A boggart (Lair:5)
  2 bushes (D:5)
  34 fungi
  46 plants
83 creatures vanquished.

Grand Total: 889 creatures vanquished

Notes
Turn   | Place    | Note
-------+----------+-------------------------------------------
     0 | D:1      | Smoke131 the Ghoul Fighter began the quest for the Orb.
     0 | D:1      | Reached XP level 1. HP: 19/19 MP: 0/0
   189 | D:1      | Reached XP level 2. HP: 22/26 MP: 1/1
   246 | D:1      | Found Qiad's Assorted Antiques.
   595 | D:1      | Found a faded altar of an unknown god.
   906 | D:2      | Found an iron altar of Okawaru.
   920 | D:2      | Reached XP level 3. HP: 13/33 MP: 2/2
  1339 | D:2      | Reached XP level 4. HP: 38/40 MP: 3/3
  1584 | D:2      | Became a worshipper of Warmaster Okawaru
  2430 | D:3      | Reached XP level 5. HP: 44/46 MP: 4/4
  2662 | D:3      | Found an opulent altar of Gozag.
  2871 | D:4      | Noticed Edmund
  2918 | D:4      | Killed Edmund
  2919 | D:4      | Reached skill level 1 in Invocations
  2919 | D:4      | Reached XP level 6. HP: 26/53 MP: 5/5
  3308 | D:3      | Reached * piety under Okawaru
  3411 | D:3      | Reached XP level 7. HP: 47/60 MP: 7/7
  3551 | D:4      | Reached skill level 5 in Fighting
  4143 | D:4      | Found a bloodstained altar of Trog.
  4143 | D:4      | Found a sacrificial altar of Ru.
  4303 | D:5      | Entered Level 5 of the Dungeon
  4638 | D:5      | Noticed Blork the orc
  4639 | D:5      | Noticed Sigmund
  4663 | D:5      | Killed Blork the orc
  4663 | D:5      | Reached ** piety under Okawaru
  4766 | D:5      | Reached XP level 8. HP: 40/69 MP: 9/9
  4769 | D:5      | Killed Sigmund
  4770 | D:5      | Reached skill level 5 in Unarmed Combat
  4989 | D:5      | Found a blossoming altar of Fedhas.
  5247 | D:5      | Found an ornate altar of the Wu Jian Council.
  5260 | D:5      | Reached skill level 5 in Armour
  5260 | D:5      | Reached skill level 5 in Shields
  5488 | D:5      | Found a basalt altar of Yredelemnul.
  5622 | D:5      | Found a hazy altar of Hepliaklqana.
  5761 | D:5      | Reached *** piety under Okawaru
  5786 | D:5      | Reached XP level 9. HP: 39/78 MP: 11/11
  6174 | D:6      | Found a burning altar of Makhleb.
  6302 | D:6      | Found an iron altar of Okawaru.
  6347 | D:6      | Reached skill level 5 in Invocations
  6509 | D:6      | Found a staircase to the Ecumenical Temple.
  6542 | D:6      | Found a runed translucent door.
  6543 | D:6      | Noticed Crazy Yiuf
  6762 | D:6      | Killed Crazy Yiuf
  6938 | D:7      | Found a hide-covered altar of Uskayaw.
  7564 | D:7      | Reached **** piety under Okawaru
  8000 | D:7      | Noticed Dowan
  8007 | D:7      | Noticed Duvessa
  8016 | D:7      | Killed Duvessa
  8020 | D:7      | Killed Dowan
  9051 | D:8      | Reached XP level 10. HP: 77/88 MP: 13/13
  9139 | D:8      | Found a radiant altar of Vehumet.
  9534 | D:9      | Found a snail-covered altar of Cheibriados.
  9537 | D:9      | Noticed Joseph
  9584 | D:9      | Killed Joseph
  9861 | D:9      | Reached ***** piety under Okawaru
 10581 | D:9      | Found a staircase to the Lair.
 10687 | D:9      | Identified the +7 spear "Luytay" {vorpal, rC+} (Okawaru
                  | gifted it to you on level 9 of the Dungeon)
 10687 | D:9      | Received a gift from Okawaru
 10771 | D:9      | Found a sparkling altar of Nemelex Xobeh.
 11154 | D:10     | Entered Level 10 of the Dungeon
 11154 | D:10     | Found a shadowy altar of Dithmenos.
 11454 | D:9      | Reached XP level 11. HP: 64/95 MP: 15/15
 12068 | D:10     | Noticed Maggie
 12079 | D:10     | Killed Maggie
 12188 | D:10     | Found Senugri's Neck Hole.
 12344 | D:10     | Noticed Fannar
 12361 | D:10     | Killed Fannar
 13605 | D:11     | Noticed a manticore
 13620 | D:11     | Killed a manticore
 13708 | D:11     | Noticed Grum
 13737 | D:11     | Killed Grum
 13737 | D:11     | Identified the +2 pair of gloves of Weirdness {rC+ Int+3}
                  | (Okawaru gifted it to you on level 11 of the Dungeon)
 13737 | D:11     | Received a gift from Okawaru
 13907 | D:11     | Found Yggoxtaig's Armour Boutique.
 13908 | D:11     | Noticed a cyclops
 13978 | D:11     | Found Vyloq's Weapon Boutique.
 13979 | D:11     | Found a staircase to the Orcish Mines.
 14010 | D:11     | Killed a cyclops
 14145 | D:11     | Bought a +0 cloak of preservation for 184 gold pieces
 14250 | D:11     | Noticed a two-headed ogre
 14283 | D:11     | Killed a two-headed ogre
 14628 | D:11     | Noticed a four-headed hydra
 14641 | D:11     | Killed a four-headed hydra
 14856 | Lair:1   | Entered Level 1 of the Lair of Beasts
 15027 | Lair:1   | Noticed Sonja
 15355 | Lair:1   | Killed Sonja
 15356 | Lair:1   | Reached skill level 10 in Fighting
 15375 | D:9      | Reached XP level 12. HP: 92/106 MP: 17/17
 16140 | Lair:1   | Reached skill level 10 in Unarmed Combat
 16149 | Lair:1   | Received a gift from Okawaru
 16194 | Lair:1   | Noticed a four-headed hydra
 16507 | Lair:1   | Killed a four-headed hydra
 16792 | Lair:1   | Noticed Harold
 16814 | Lair:1   | Killed Harold
 16994 | D:9      | Reached skill level 10 in Invocations
 17928 | Lair:2   | Received a gift from Okawaru
 18011 | Lair:2   | Noticed a seven-headed hydra
 18091 | Lair:2   | Noticed a death yak
 18477 | Lair:2   | Noticed a death yak
 18478 | Lair:2   | Noticed a death yak
 18478 | Lair:2   | Noticed a death yak
 18541 | Lair:1   | Killed a death yak
 18542 | Lair:1   | Reached skill level 10 in Armour
 18542 | Lair:1   | Reached skill level 10 in Shields
 19071 | Lair:2   | Killed a death yak
 19072 | Lair:2   | Reached XP level 13. HP: 81/113 MP: 19/19
 20536 | Lair:1   | Received a gift from Okawaru
 21137 | Lair:2   | Found a hole to the Spider Nest.
 22425 | Lair:3   | Identified the +1 leather armour of Responsibility {rElec
                  | rPois Regen+}
 22522 | Lair:3   | Reached XP level 14. HP: 105/125 MP: 20/20
 22733 | Lair:3   | Found a staircase to the Swamp.
 23397 | Lair:4   | Found a runed translucent gate.
 23476 | Lair:4   | Found a runed translucent gate.
 23482 | Lair:4   | Found a runed translucent gate.
 23482 | Lair:4   | Noticed Xafas's ghost (journeyman DrCj)
 23742 | Lair:4   | Found a staircase to the Slime Pits.
 23807 | Lair:4   | Received a gift from Okawaru
 24815 | Lair:5   | Entered Level 5 of the Lair of Beasts
 26768 | Lair:5   | Received a gift from Okawaru
 28031 | Orc:1    | Entered Level 1 of the Orcish Mines
 28090 | Orc:1    | Paralysed by an orc sorcerer for 2 turns
 28874 | Orc:1    | Found a runed translucent door.
 28877 | Orc:1    | Noticed a balrug
 28966 | Orc:1    | Killed a balrug
 28967 | Orc:1    | Reached XP level 15. HP: 63/135 MP: 13/21
 28969 | Orc:1    | Identified the +0 cloak "Cogece" {Will+ Int+4}
 29287 | Orc:2    | Entered Level 2 of the Orcish Mines
 29355 | Orc:2    | Found a staircase to the Elven Halls.
 30737 | Orc:2    | Paralysed by an orc sorcerer for 2 turns
 31019 | Orc:2    | Found Surol's Distillery.
 31021 | Orc:2    | Found Ophem Lacs's Distillery.
 31876 | Orc:2    | Found Vaixkos's Weapon Shop.
 32034 | Orc:2    | Paralysed by an orc sorcerer for 5 turns
 32065 | Orc:2    | Found Fawnoc's Book Shoppe.
 32065 | Orc:2    | Found a one-way gate leading to the halls of Pandemonium.
 32065 | Orc:2    | Found Vumpaif's Antique Armour Emporium.
 32086 | Orc:2    | Identified the +3 helmet "Gapudwa" {-Cast rC++ Str+5}
                  | (Okawaru gifted it to you on level 2 of the Orcish Mines)
 32086 | Orc:2    | Received a gift from Okawaru
 32500 | Orc:2    | Bought a potion of mutation for 104 gold pieces
 32502 | Orc:2    | Bought a potion of heal wounds for 65 gold pieces
 32502 | Orc:2    | Bought a potion of heal wounds for 65 gold pieces
 32666 | D:12     | Found a frozen archway.
 32691 | IceCv    | Entered an ice cave
 33744 | D:12     | Noticed Nessos
 33789 | D:12     | Killed Nessos
 34108 | D:12     | Identified the +5 rapier of Sasol {flame, rElec}
 35203 | D:13     | Noticed Kirke
 35384 | D:12     | Killed Kirke
 36859 | D:13     | Identified the +1 plate armour "Mogg" {rCorr Str+2 Dex+3}
                  | (Okawaru gifted it to you on level 13 of the Dungeon)
 36859 | D:13     | Received a gift from Okawaru
 36884 | D:13     | Reached XP level 16. HP: 132/147 MP: 22/22
 37997 | D:14     | Found a gate to the Vaults.
 38292 | D:15     | Entered Level 15 of the Dungeon
 38756 | D:10     | Bought an amulet of reflection for 420 gold pieces
 39305 | D:15     | Found a staircase to the Depths.
 39622 | D:15     | Reached skill level 15 in Fighting
 39632 | D:15     | Reached skill level 15 in Unarmed Combat
 39936 | D:15     | Received a gift from Okawaru
 40315 | D:15     | Noticed Agnes
 40325 | D:15     | Killed Agnes
 40561 | D:15     | Found a shimmering altar of Xom.
 40991 | Elf:1    | Entered Level 1 of the Elven Halls
 41640 | Orc:2    | Killed from afar by a deep elf knight

Illustrated notes

Levels and vault maps discovered:
D:1:      dpeg_arrival_connections, layout_loops_cross, serial_shops,
          nicolae_shop_waterfront, hellmonk_ecumenical_altar_slurped_away,
          minmay_misc_feat_five
D:2:      minmay_spotlight, layout_basic, basic_altar
D:3:      minmay_general_purpose_star, layout_rooms,
          mainiacjoe_overflow_cross_hatched
D:4:      layout_cave_pools, nicolae_overflow_two_pavilions,
          chequers_decorated_corner, minivault_25, kennysheep_nub,
          hangedman_decor_growths, hangedman_abyss_or_decor_lesser_grid,
          uniq_edmund
D:5:      layout_loops_cross, kennysheep_ying_yang, amcnicky_altar_gilded,
          fedhas_altar_decomposition, mainiacjoe_overflow_alcove_4,
          uniq_sigmund, uniq_blork_the_orc
D:6:      layout_rooms, zin_scriptorium, okawaru_gym_becter, bloody_makhleb,
          minmay_temple_entry_trees, uniq_crazy_yiuf_cottage
D:7:      layout_gridville, nicolae_uskayaw_dance_hall, uniq_duvessa
D:8:      layout_cave_pools, mainiacjoe_overflow_catwalk
D:9:      layout_basic, slow_altar_1, lemuel_doored_altar, uniq_joseph
D:10:     layout_roguey, grunt_dithmenos_smoke_and_mirrors,
          nicolae_shop_sticking_my_neck_out, uniq_fannar, uniq_maggie
D:11:     layout_grid_maze, orc_david_3, uniq_grum
D:12:     layout_small_grid, portal_ice_cave_rime, uniq_nessos
D:13:     layout_rooms, uniq_kirke
D:14:     layout_cave_pools, david_vaults_4, minivault_4
D:15:     hangedman_depths_entry_civil_slaughter, layout_basic,
          chequers_serial_rivers_small_b, st_stairs_8, tgw_xom, uniq_agnes
Lair:1:   layout_cave_shapes, minmay_hedge_maze, infiniplex_staircase_pool_2,
          uniq_sonja, uniq_harold
Lair:2:   layout_hall_layers, spider_nest_entry_web_field, beast_lair_carwin_6,
          grunt_megastairs_3
Lair:3:   layout_loops_ring, nicolae_swamp_entry_splash_gauntlet, basic_altar
Lair:4:   layout_loops_ring, dpeg_slime_entry_corner,
          gammafunk_ghost_necromancy, serial_bayou_lagoon_a,
          guppyfry_lair_drakes, serial_bayou_shore_b
Lair:5:   minmay_lair_end_enchanted_forest, layout_loops_ring,
          chequers_serial_rivers_micro_d, lemuel_fruit_tree
Orc:1:    dreamdust_dug_too_deep, layout_caves
Orc:2:    pf_orc_diabolical, layout_diamond_mine, serial_shops,
          nicolae_shop_statue_plus
Elf:1:    nicolae_elf_arrival_aired_out, layout_loops_corners, serial_aquarium,
          aquarium_bridge_straight [aquarium_subvault_bridge,
          aquarium_subvault_wall, aquarium_subvault_bridge,
          aquarium_subvault_wall], aquarium_window_2, aquarium_window_corner,
          aquarium_view_2f, aquarium_balcony_double_1, aquarium_pool_double,
          minmay_elf_sorcery

Skill      XL: |  1  2  3  4  5  6  7  8  9 10 11 12 13 14 15 16 |
---------------+-------------------------------------------------+-----
Armour         | 3 4 5 6 7 8 10 11 12 13 14 | 14.3
Shields        | 3 4 5 6 7 8 10 11 12 13 14 | 14.3
Unarmed Combat | 3 4 5 7 8 9 10 11 13 14 15 | 15.0
Fighting       | 4 5 6 7 8 10 11 13 14 15 | 15.0
Invocations    | 1 3 4 6 7 8 10 | 10.0

Action                   |  1- 3 |  4- 6 |  7- 9 | 10-12 | 13-15 | 16-18 || total
-------------------------+-------+-------+-------+-------+-------+-------++-------
Melee: Unarmed           |   107 |   191 |   491 |   900 |  1969 |   412 ||  4070
       Spear             |       |       |       |    15 |   101 |       ||   116
Invok: Heroism           |       |       |     2 |    12 |    18 |     5 ||    37
       Finesse           |       |       |     1 |     4 |     8 |     4 ||    17
Evoke: Wand              |       |       |     6 |    11 |       |       ||    17
  Use: Potion            |     1 |       |     1 |     1 |     8 |     3 ||    14
       Scroll            |       |    15 |     4 |    11 |     5 |     3 ||    38
 Stab: Petrified         |       |       |       |       |       |     1 ||     1
Armor: Scale mail        |    53 |    67 |   102 |       |       |       ||   222
       Chain mail        |       |       |   115 |     2 |       |       ||   117
       Plate armour      |       |       |       |   559 |  1141 |   124 ||  1824
       Swamp dragon scal |       |       |       |    48 |       |       ||    48
       Ice dragon scales |       |       |       |       |    41 |       ||    41
Dodge: Dodged            |    34 |    73 |   130 |   226 |   475 |    46 ||   984
Block: Buckler           |    21 |     2 |       |       |       |       ||    23
       Kite shield       |       |    65 |   225 |   549 |  1239 |   231 ||  2309
       Reflection        |       |       |       |       |       |    32 ||    32
